 Dungeon Crawl Stone Soup version 0.31.0-32-g396128a36d (webtiles) character file.

Game seed: 10719795147230893757

39 chippings the Changeling (level 3, -4/29 HPs)
             Began as a Draconian Shapeshifter on Apr 15, 2024.
             Slain by a gnoll
             ... wielding a +1 flail of holy wrath
              (10 damage)
             ... on level 1 of the Dungeon.
             The game lasted 00:01:26 (1043 turns).

chippings the Changeling (Draconian Shapeshifter)   Turns: 1043, Time: 00:01:27

Health: -4/29      AC:  5    Str: 16    XL:     3   Next: 28%
Magic:  3/3        EV: 12    Int: 12    God:
Gold:   48         SH:  0    Dex: 10    Spells: 2/2 levels left

rFire   . .          .
                       - Unarmed
rCold   . . .        (no shield)
rNeg    . . .        (body armour unavailable)
rPois   .            (helmet currently unavailable)
rElec   .            (cloak currently unavailable)
rCorr   .            (gloves currently unavailable)
SInv    .            (boots currently unavailable)
Will    .....        (no amulet)
Stlth   +            (no ring)
HPRegen 0.24/turn    (no ring)
MPRegen 0.08/turn

%: no passive effects
@: beast-form
A: beast (slay +1), AC +5, unfitting armour, cold-blooded
a: Begin Untransformation


You were on level 1 of the Dungeon.
You were a hulking beast.
You visited 1 branch of the dungeon, and saw 2 of its levels.

You collected 48 gold pieces.

Inventory:

Talismans
 b - a beast talisman
 c - a flux talisman
Scrolls
 d - a scroll of enchant weapon {unknown}
 f - a scroll of poison {unknown}
 h - a scroll of teleportation {unknown}
 j - a scroll of identify {unknown}
Potions
 a - a potion of lignification
 e - a potion of heal wounds {unknown}
 g - a potion of mutation {unknown}
 i - a potion of resistance {unknown}
 k - 2 potions of brilliance {unknown}


   Skills:
 + Level 1.9 Fighting
 + Level 2.2 Dodging
 + Level 3.3 Unarmed Combat
 * Level 3.4 Shapeshifting


You had 2 spell levels left.
You didn't know any spells.
Your spell library was empty.

Dungeon Overview and Level Annotations

Branches:
Dungeon (2/15)

Altars:


Innate Abilities, Weirdness & Mutations

You are a hulking beast.
Your limbs bulge with bestial killing power. (Slay +1)
Your plain brown scales are hard. (AC +5)
You cannot fit into any form of body armour.
You are cold-blooded and may be slowed by cold attacks.


Message History

The gnoll hits you with a +0 spear.
You hit the gnoll.
Your tail-slap misses the gnoll.
The gnoll is severely wounded.
The gnoll misses you.
You closely miss the gnoll.
The gnoll is severely wounded.
The gnoll misses you.
You barely miss the gnoll.
The gnoll is severely wounded.
The gnoll hits you with a +0 spear.
You hit the gnoll.
The gnoll is almost dead.
The gnoll hits you but does no damage.
You closely miss the gnoll.
The gnoll is almost dead.
The gnoll barely misses you.
You hit the gnoll but do no damage.
The gnoll is almost dead.
The gnoll hits you with a +0 spear.
You barely miss the gnoll.
The gnoll is almost dead.
The gnoll hits you with a +0 spear.
You hit the gnoll.
You kill the gnoll!
Things that are here:
a +0 spear; a gnoll corpse You start resting.
HP restored.
There is a stone staircase leading down here.
You climb downwards.
The gnoll hits you with a +1 flail of holy wrath! x2
The gnoll hits you from afar with a +0 spear.
* * * LOW HITPOINT WARNING * * *
There is a stone staircase leading up, spattered with blood here.
The gnoll closely misses you. The gnoll barely misses you.
You climb upwards.
There is a stone staircase leading down here.
You barely miss the gnoll.
The gnoll hits you with a +1 flail of holy wrath!
You die...

......## #....# #..## #####
#....#.# #.#.## #...# #.###.##
#.### #.#.# #.# #.# #.# #.#.# #.#
#.# #.# #.#.# #†# #.# #.# #.#.#
#### ..# #.# ##.#######.#.# #...
#.###.####.....g......##### #.##
#..##......#..#.h.........# #.#
##.#######...##.###.#####.# #.#
#.# ##.###.# #.# #.# #.# #.# #..#
#.# #.#####.####.# #.#####
#.########.........##.##
###...###..#.....#######.#.##...
##.......##.......(######.#.#####
#.........###.###.##......#.#
#....8....##....#..########.#


You could see a gnoll.

Vanquished Creatures
  A gnoll (D:1)
  4 ball pythons (D:1)
  3 endoplasms (D:1)
  A giant cockroach (D:1)
  2 goblins (D:1)
  5 hobgoblins (D:1)
  3 jackals (D:1)
  2 quokkas (D:1)
  2 bats (D:1)
  A frilled lizard (D:1)
  2 rats (D:1)
26 creatures vanquished.

Notes
Turn   | Place    | Note
-------+----------+-------------------------------------------
     0 | D:1      | chippings the Draconian Shapeshifter began the quest for
                  | the Orb.
     0 | D:1      | Reached XP level 1. HP: 16/16 MP: 1/1
   223 | D:1      | Reached XP level 2. HP: 23/23 MP: 2/2
   625 | D:1      | Reached XP level 3. HP: 27/29 MP: 3/3
  1043 | D:1      | Slain by a gnoll

Illustrated notes

Levels and vault maps discovered:
D:1:      dpeg_arrival_three_same_balls, layout_loops_ring,
          nicolae_figureground_pulse
D:2:      layout_loops_corners

Skill      XL: |  1  2 |
---------------+-------+-----
Dodging        | 2 |  2.2
Fighting       | |  1.9
Unarmed Combat | |  3.3
Shapeshifting  | |  3.4

Action                     || total
---------------------------++-------
  Melee: Unarmed           ||    71
         Tailslap          ||    10
         Punch             ||     2
 Armour: Skin              ||    42
  Dodge: Dodged            ||    51
